 Dungeon Crawl Stone Soup version 0.15.2 (webtiles) character file.

9 glosham the Skirmisher (level 2, -3/23 HPs)
             Began as a Mummy Death Knight on Apr 3, 2018.
             Was a Follower of Yredelemnul.
             Slain by a worm (8 damage)
             ... on Level 3 of the Dungeon.
             The game lasted 00:03:49 (271 turns).

glosham the Skirmisher (Mummy Death Knight)          Turns: 271, Time: 00:03:49

HP  -3/23        AC  6     Str 16      XL: 2   Next:  3%
MP   2/2         EV  8     Int 10      God: Yredelemnul [*.....]
Gold 35          SH  0     Dex 11      Spells:  0 memorised,  1 level left

rFire  x . .     SeeInvis .     a - +1 mace
rCold  + . .     Clarity  .     c - +0 scale mail {rPois}
rNeg   + + +     rCorr    .     (no shield)
rPois  +         rRot     +     (no helmet)
rElec  .         Spirit   .     (no cloak)
SustAb .         Warding  .     (no gloves)
rMut   .         Stasis   .     (no boots)
Gourm  .                        (no amulet)
MR     .....                    (no ring)
                                (no ring)

@: not resistant to hostile enchantments, extremely unstealthy
A: no food or potions, fire vulnerability, restore body, cold resistance 1,
negative energy resistance 3, poison resistance, torment resistance, unbreathing
a: Animate Remains, Renounce Religion


You were on level 3 of the Dungeon.
You worshipped Yredelemnul.
Yredelemnul was aware of your devotion.
You were not hungry.

You visited 1 branch of the dungeon, and saw 3 of its levels.

You collected 35 gold pieces.

Inventory:

Hand weapons
 a - a +1 mace (weapon)
Missiles
 d - 18 poisoned arrows
 e - 41 stones (quivered)
Armour
 b - a +0 leather armour
 c - a +0 scale mail of poison resistance (worn)


   Skills:
 * Level 2.8 Fighting
 - Level 1.5 Maces & Flails
 - Level 0.7 Armour
 - Level 0.7 Dodging
 - Level 2.4 Invocations


You had one spell level left.
You didn't know any spells.

Dungeon Overview and Level Annotations

Branches:
Dungeon (3/15)

Altars:


Innate Abilities, Weirdness & Mutations

You do not eat or drink.
Your flesh is vulnerable to fire.
Your flesh is cold resistant.
You are immune to negative energy.
Your system is resistant to poisons.
You are immune to unholy pain and torment.
You can survive without breathing.


Message History

Aim: a worm (lightly wounded)
You throw a stone.
The stone hits the worm but does no damage.
The worm is lightly wounded.
Throwing (i - inventory):
e - 42 stones (quivered)
Press: ? - help, Shift-Dir - straight line, f/p - worm
Aim: a worm (lightly wounded)
You throw a stone. The stone hits the worm.
The worm is lightly wounded.
You sock the worm!
The worm is heavily wounded.
You barely miss the worm.
The worm is heavily wounded.
The worm bites you but does no damage.
You hit the worm but do no damage.
The worm is heavily wounded.
The worm bites you.
You barely miss the worm.
The worm is heavily wounded.
The worm bites you but does no damage.
You hit the worm.
The worm is heavily wounded.
You hit the worm.
The worm is severely wounded.
The worm bites you.
You hit the worm but do no damage.
The worm is severely wounded.
The worm bites you!
* * * LOW HITPOINT WARNING * * *
Your scale mail prevents you from hitting the worm.
The worm is severely wounded.
You barely miss the worm.
The worm is severely wounded.
The worm bites you.
* * * LOW HITPOINT WARNING * * *
You hit the worm but do no damage.
The worm is heavily wounded.
The worm bites you!
You die...
Yredelemnul claims you as an undead slave.

#########
#..((((.!$
#.# #######
#.#####.....#
#.w@....###.#
######### #.#
#.# #.# #)#
#.# #.# #<#
###


You could see a worm.

Vanquished Creatures
  A giant cockroach (D:2)
  A goblin (D:1)
  A hobgoblin (D:3)
  2 kobolds
  2 ball pythons (D:1)
  A bat (D:2)
8 creatures vanquished.

Notes
Turn   | Place    | Note
--------------------------------------------------------------
     0 | D:1      | glosham, the Mummy Death Knight, began the quest for the Orb.
     0 | D:1      | Reached XP level 1. HP: 16/16 MP: 1/1
   236 | D:3      | Reached XP level 2. HP: 18/23 MP: 2/2
   271 | D:3      | Slain by a worm

Action                   || total
-------------------------++-------
Melee: Mace              ||    24
Throw: Stone             ||     6
  Use: Scroll            ||     1

Table legend:
 A = Turns spent in this place as a percentage of turns spent in the entire game.
 B = Non-inter-level travel turns spent in this place as a percentage of non-inter-level travel turns spent in the entire game.
 C = Inter-level travel turns spent in this place as a percentage of turns spent in this place.
 D = Turns resting spent in this place as a percentage of non-inter-level travel turns spent in this place.
 E = Turns spent auto-exploring this place as a percentage of non-inter-level travel turns spent in this place.
 F = Non-inter-level travel turns spent in this place divided by the number of levels of this place that you've seen.
                   A       B       C       D       E      F
               +-------+-------+-------+-------+-------+----------------------
         Total | 100.0 | 100.0 |   0.0 |   0.9 |   0.0 |  76.0
       Dungeon | 100.0 | 100.0 |   0.0 |   0.9 |   0.0 |  76.0
               +-------+-------+-------+-------+-------+----------------------

Table legend:
 A = Kills in this place as a percentage of kills in entire the game.
 B = Kills by you in this place as a percentage of kills by you in the entire game.
 C = Kills by friends in this place as a percentage of kills by friends in the entire game.
 D = Other kills in this place as a percentage of other kills in the entire game.
 E = Experience gained in this place as a percentage of experience gained in the entire game.
 F = Experience gained in this place divided by the number of levels of this place that you have seen.
                   A       B       C       D       E      F
               +-------+-------+-------+-------+-------+----------------------
         Total | 100.0 | 100.0 |  -nan |  -nan | 100.0 |   4.3
       Dungeon | 100.0 | 100.0 |  -nan |  -nan | 100.0 |   4.3
               +-------+-------+-------+-------+-------+----------------------

Vault maps used:
D:1:      matt_arrival_los_fun, kennysheep_another_room,
          minmay_misc_feat_nine_boxes, minmay_misc_feat_tower
D:2:      baited_tele_trap
D:3:      led_sif_pool, portal_sewer_entry_e, uniq_iyjb
